AoeStats
← Teal (\|/)

Arabia

508849396Analyzed
1v1 RM · 8d ago on Sep 24, 2026· 28m 34s· 2 players
Game mode
Random Map
Map size
Tiny (2 player)
Population
200
Speed
Normal
Resources
Standard
Victory
Conquest
Starting age
Dark Age
Ending age
Imperial Age
RankedLock teamsTeams togetherTeam positionsShared explorationLock speedFull tech treeHidden civsTurbo modeCheats
Victory
Defeat
🇪🇸 Burgundians · Spain
254
+16
🇦🇺 Franks · Australia
262
-16
JASON84
0:27 Loom
9:15 Wheelbarrow
11:55 Feudal Age
12:18 Double-Bit Axe
12:26 Town Watch
12:08 Man-at-Arms
13:20 Horse Collar
17:42 Heavy Plow
22:33 Arson
24:16 Stone Mining
24:17 Gold Mining
24:58 Bow Saw
25:41 Padded Archer Armor
27:36 Stone Shaft Mining
27:40 Gold Shaft Mining
28:00 Fletching
28:21 Forging
Teal (\|/)
12:29 Loom
19:21 Feudal Age
19:28 Feudal Age
21:58 Double-Bit Axe
Connection lost

Rejoining the realm…

Still unreachable

The connection could not be restored.

Session expired

The server has moved on; the page needs a fresh start.